Unix NetHack Version 5.0.0-0 post-release - last build Jun 10 2026 00:39:30 (3ee93aec679c4c4259841fe613dc97188e26a321,branch:main).

Game began 2026-06-24 19:05:30, ended 2026-06-24 19:54:22.

IceCreamJones, lawful female human Priestess

                      -----
                      |.!.|
                      |.^.|
                      ..).-##@@M
                      |...|
                      |...|
                      -----

IceCreamJones the Adept      St:14 Dx:15 Co:15 In:7 Wi:17 Ch:11  Lawful
Dlvl:9  $:134 HP:0(46) Pw:89(89) AC:-1 Xp:6 T:5285 

Latest messages:
 The Green-elf throws a runed spear!
 It is missed.
 You catch the runed spear! V - a cursed runed spear.
 The gnome mummy hits!
 What do you want to zap? [vy or ?*]
 In what direction?
 You are suddenly moving much faster.
 You hear a door open.
 The gnome mummy just misses!
 You hear snoring snakes.
 What do you want to zap? [vy or ?*]
 In what direction?
 The Green-elf seems to be moving slower.
 The Green-elf seems to be moving slower.
 The Green-elf thrusts his dagger.
 The Green-elf hits!
 The gnome mummy hits!
 You miss the gnome mummy.
 You hit the gnome mummy.
 The gnome mummy hits!
 You miss the gnome mummy.
 The gnome mummy hits!
 You hit the gnome mummy.
 You hit the gnome mummy.
 The Green-elf thrusts his dagger.
 The Green-elf hits!
 The gnome mummy hits!
 You miss the gnome mummy.
 You miss the gnome mummy.
 The gnome mummy hits!
 You miss the gnome mummy.
 What do you want to wield? [- prtuEJVZ or ?*]
 You are already wielding that!
 You miss the gnome mummy.
 The Green-elf thrusts his dagger.
 The Green-elf hits!
 The gnome mummy hits!
 #
 Are you sure you want to pray? [yn] (n)
 You begin praying to Issek.
 The Green-elf thrusts his dagger.
 The Green-elf just misses!
 The gnome mummy hits!
 You die...
 Do you want your possessions identified? [ynq] (y)
 Do you want to see your attributes? [ynq] (y)
 Do you want an account of creatures vanquished? [ynaq] (y)
 Do you want a list of species genocided? [ynq] (y)
 Do you want to see your conduct and achievements? [ynq] (y)
 Do you want to see the dungeon overview? [ynq] (y)

Inventory:
 Coins    ('$')
  $ - 134 gold pieces
 Weapons  (')')
  p - 2 +0 arrows
  t - 6 +1 darts
  E - 2 +0 daggers (at the ready)
  r - 2 +0 elven daggers (wielded)
  V - a cursed -1 elven spear
  Z - a +0 knife
  J - a +0 orcish dagger
 Armor    ('[')
  o - a blessed +2 orcish helm (being worn)
  I - a +0 orcish helm
  Q - a +0 orcish helm
  T - a +0 orcish helm
  A - a +2 pair of leather gloves (being worn)
  c - a +0 small shield (being worn)
  U - a +0 robe (being worn)
  x - a +0 leather armor (being worn)
 Comestibles  ('%')
  R - 2 apples
  e - a clove of garlic
  f - a sprig of wolfsbane
  w - a tripe ration
  m - a lichen corpse
  L - a lizard corpse
 Potions  ('!')
  N - a blessed potion of healing
  Y - 3 potions of healing
 Rings    ('=')
  k - a ring of poison resistance
  H - a ring of slow digestion
 Wands    ('/')
  y - a wand of slow monster (0:5)
  v - a wand of speed monster (0:6)
 Tools    ('(')
  i - an oil lamp
  O - a skeleton key
  u - a +0 unicorn horn

IceCreamJones the Priestess's attributes:

Background:
 You were an Adept, a level 6 human Priestess.
 You were lawful, on a mission for Issek
 who was opposed by Mog (neutral) and Kos (chaotic).
 You were right-handed.
 You were in the Dungeons of Doom, on level 9.
 You entered the dungeon 5285 turns ago.
 You had 440 experience points, 200 more were needed to attain level 7.

Basics:
 You had 0 out of 46 hit points.
 You had all 89 energy points (spell power).
 Your armor class was -1.
 Your wallet contained 134 zorkmids.
 Autopickup was off.

Final Characteristics:
 Your strength was 14 (limit:18/100).
 Your dexterity was 15 (limit:18).
 Your constitution was 15 (limit:18).
 Your intelligence was 7 (peak:10, limit:18).
 Your wisdom was 17 (limit:18).
 Your charisma was 11 (limit:18).

Final Status:
 You weren't hungry.
 You were unencumbered.
 You were wielding daggers.
 You had no skill with dagger.

Final Attributes:
 You were piously aligned.
 You were telepathic.
 You were guarded.
 Your spell casting was enhanced by wearing a robe.
 You were very fast.
 You are dead.

Miscellaneous:
 You didn't encounter any bones levels.
 Total elapsed playing time was 48 minutes and 51 seconds.

Major events:
 Turn
    1: IceCreamJones the lawful human Priestess entered the dungeon
  853: attained the rank of Acolyte (level 3)
 1591: entered the Gnomish Mines
 1813: performed her first genocide (master mind flayers)
 4677: attained the rank of Adept (level 6)
 5285: killed by a gnome mummy, while praying

Spells:
 Name                 Level Category     Fail Retention
 healing                1   healing        0%    (gone)
 cure sickness          3   healing       78%    (gone)
 create familiar        6   clerical      99%   81%-90%
 wizard lock            2   matter        43%  76%-100%
 force bolt             1   attack         0%    (gone)

Skills:
 Fighting Skills
   bare handed combat [Unskilled]
 Weapon Skills
   club               [Unskilled]
   mace               [Skilled]
   morning star       [Unskilled]
   flail              [Unskilled]
   hammer             [Unskilled]
   quarterstaff       [Unskilled]
   polearms           [Unskilled]
   spear              [Unskilled]
   trident            [Unskilled]
   lance              [Unskilled]
   bow                [Unskilled]
   sling              [Unskilled]
   crossbow           [Unskilled]
   dart               [Unskilled]
   shuriken           [Unskilled]
   boomerang          [Unskilled]
   unicorn horn       [Unskilled]
 Spellcasting Skills
   healing spells     [Unskilled]
   divination spells  [Unskilled]
   clerical spells    [Basic]

Voluntary challenges:
 Character rerolling was not enabled.
 You genocided 1 type of monster.
 You never polymorphed an object.
 You never changed form.
 You used no wishes.
Achievements:
 You attained the rank of Acolyte.
 You entered a shop.
 You entered the Gnomish Mines.
 You attained the rank of Adept.

 The Dungeons of Doom: levels 1 to 9
    Level 1:
    Level 2:
       An armor shop, a fountain.
    Level 3:
       Stairs down to The Gnomish Mines.
    Level 4:
       A weapon shop.
    Level 5:
       An altar to Issek.
    Level 6:
       A scroll shop.
    Level 7:
    Level 8:
    Level 9: <- You were here.
       Final resting place for
          you, killed by a gnome mummy, while praying.
 The Gnomish Mines:
    Level 4:


Vanquished creatures:
  a lizard
  a gray unicorn
  a raven
 an ape
  a rock piercer
  a rock mole
  2 fog clouds
  a violet fungus
  2 gnome leaders
  a gray ooze
  a ghoul
  3 giant ants
  a floating eye
  a kitten
  2 hill orcs
  2 rothes
  a rabid rat
  a centipede
  a giant bat
  a monkey
 an orc zombie
  2 dwarf zombies
  2 iguanas
  a killer bee
 an acid blob
  2 hobbits
  2 large kobolds
  2 hobgoblins
  2 giant rats
  a cave spider
  a brown mold
  2 green molds
  a gnome zombie
  2 geckos
  2 jackals
  2 foxes
  a kobold
  2 goblins
 10 sewer rats
  5 grid bugs
  3 lichens
  2 kobold zombies
  4 newts
79 creatures vanquished.

Genocided species:
 master mind flayers
1 species genocided.

Game over:
                       ----------
                      /          \
                     /    REST    \
                    /      IN      \
                   /     PEACE      \
                  /                  \
                  |  IceCreamJones   |
                  |      134 Au      |
                  |   killed by a    |
                  |   gnome mummy    |
                  |                  |
                  |                  |
                  |       2026       |
                 *|     *  *  *      | *
        _________)/\\_//(\/(/\)/\//\/|_)_______

Goodbye IceCreamJones the Priestess...

You died in The Dungeons of Doom on dungeon level 9 with 2361 points,
and 134 pieces of gold, after 5285 moves.
You were level 6 with a maximum of 46 hit points when you died.

